 Dungeon Crawl Stone Soup version 0.31.0-11-ge490571c62 (webtiles) character file.

Game seed: 676795140763119460

1340 Killerpretzel the Changeling (level 8, 0/54 HPs)
             Began as an Octopode Shapeshifter on Feb 10, 2024.
             Succumbed to a gnoll sergeant's poison
             ... on level 6 of the Dungeon.
             The game lasted 00:15:25 (6529 turns).

Killerpretzel the Changeling (OpSh)                 Turns: 6529, Time: 00:15:25

Health: 0/54       AC:  1    Str: 13    XL:     8   Next: 62%
Magic:  8/8        EV: 14    Int: 13    God:
Gold:   1091       SH:  0    Dex: 13    Spells: 7/7 levels left

rFire   . .          .
                       - Unarmed
rCold   . . .        (no shield)
rNeg    + . .        (helmet currently unavailable)
rPois   .            (no amulet)
rElec   .            r - ring of positive energy
rCorr   .            (no ring)
SInv    .            (no ring)
Will    .....        (no ring)
Stlth   ++           (no ring)
HPRegen 0.29/turn    (no ring)
MPRegen 0.11/turn    (no ring)
                     (no ring)

%: no passive effects
@: lethally poisoned (0 -> -24), beast-form
A: beast (slay +3), almost no armour, amphibious, 8 rings, camouflage 1,
gelatinous body 1, (nimble swimmer 1), tentacles
a: Begin Untransformation


You were on level 6 of the Dungeon.
You were a hulking beast.
You visited 2 branches of the dungeon, and saw 7 of its levels.

You collected 1091 gold pieces.

Inventory:

Missiles
 d - a boomerang (quivered)
 w - 2 throwing nets
Jewellery
 r - a ring of positive energy (left tentacle)
 u - a +4 ring of slaying
Talismans
 b - a beast talisman
 c - a flux talisman
Wands
 g - a wand of mindburst (10)
 k - a wand of iceblast (12)
Scrolls
 i - a scroll of blinking
 j - a scroll of immolation
 l - a scroll of teleportation
 m - 2 scrolls of fog {unknown}
 v - a scroll of identify
Potions
 a - a potion of lignification
 e - 4 potions of curing
 f - a potion of ambrosia
 h - 2 potions of attraction
 n - a potion of enlightenment
 o - a potion of invisibility
 p - a potion of haste {unknown}
 q - 2 potions of heal wounds
 s - a potion of cancellation {unknown}
 t - a potion of berserk rage {unknown}


   Skills:
 + Level 4.4 Fighting
 + Level 4.9 Dodging
 + Level 5.4 Unarmed Combat
 * Level 6.6 Shapeshifting


You had 7 spell levels left.
You didn't know any spells.
Your spell library contained the following spells:

 Spells                   Type           Power      Damage    Failure   Level
 Apportation              Tloc           0%         N/A       30%         1
 Necrotise                Necr           0%         1d4       30%         1
 Slow                     Hex            0%         N/A       30%         1
 Sting                    Conj/Alch      0%         1d3       30%         1
 Summon Small Mammal      Summ           0%         N/A       30%         1
 Confusing Touch          Hex            0%         N/A       67%         3
 Sigil of Binding         Hex            0%         N/A       67%         3
 Tukima's Dance           Hex            0%         N/A       67%         3
 Vampiric Draining        Necr           0%         2d6       67%         3
 Dimensional Bullseye     Hex/Tloc       0%         N/A       97%         4
 Iskenderun's Mystic Bla  Conj/Tloc      0%         2d3       97%         4


Dungeon Overview and Level Annotations

Branches:
Dungeon (6/15)             Temple (1/1) D:4

Altars:
Ashenzari
Cheibriados
Dithmenos
Elyvilon
Fedhas
Hepliaklqana
Kikubaaqudgha
Makhleb
Nemelex Xobeh
Okawaru
Qazlal
Trog
Uskayaw
Wu Jian
Xom
Yredelemnul
Zin
The Shining One

Shops:
D:1 !

Annotations:
D:1 1 transporter
D:2 Jessica
D:4 exclusion: phantom
D:5 exclusion: gnoll


Innate Abilities, Weirdness & Mutations

You are a hulking beast.
Your limbs bulge with bestial killing power. (Slay +3)
You cannot wear most types of armour.
You are amphibious.
You can wear up to eight rings at the same time.
Your skin changes colour to match your surroundings (Stealth+).
Your rubbery body absorbs attacks. (AC +1, EV +1)
((You are camouflaged when in or above water. (Stealth+)))
You have tentacles for arms and can constrict up to eight enemies at once.


Message History

The boomerang hits the gnoll but does no damage.
A gnoll sergeant comes into view. It is wielding a +0 spear of venom.
A gnoll comes into view. It is wielding a +0 flail.
A gnoll comes into view. It is wielding a +0 club.
The gnoll hits you but does no damage.
There is an open door here.
The gnoll shouts!
You tentacle-slap the gnoll. You grab the gnoll.
The gnoll is lightly wounded.
You constrict the gnoll, but do no damage.
You hear a shout!
The gnoll sergeant hits you from afar with a +0 spear of venom!
You are poisoned.
The gnoll completely misses you.
You tentacle-slap the gnoll. You squeeze the gnoll.
The gnoll is almost dead.
You constrict the gnoll.
You feel sick.
The gnoll sergeant hits you from afar with a +0 spear of venom!
You are more poisoned.
The gnoll barely misses you.
You tentacle-slap the gnoll.
You kill the gnoll!
You feel very sick. The gnoll sergeant misses you.
A gnoll comes into view. It is wielding a +0 spear.
You feel very sick.
You feel sick.
The gnoll sergeant attacks as it pursues you!
The gnoll sergeant closely misses you.
You feel sick.
You feel sick.
The gnoll sergeant attacks as it pursues you!
The gnoll sergeant hits you from afar with a +0 spear of venom.
You are more poisoned.
You feel very sick.
The gnoll sergeant attacks as it pursues you!
The gnoll sergeant hits you from afar with a +0 spear of venom!
* * * LOW HITPOINT WARNING * * *
You are more poisoned.
You die...

..... ### ......
#.....# .....<
#.#.#.# #.....
#.#.#.# ##...##
#.#.#.# ##.....##
#.#.#.# ##.......##
#.....###)........#
#.......h.........+
###.....###.........#
#......## ##g......##
#.###..# ##.g...##
#.# #..# ##...## #†#
#..# ##g## #.# #....
#)# #.###..## #.#
##......# ..g


You could see a gnoll sergeant and 2 gnolls.

Vanquished Creatures
  2 water moccasins (D:6)
  An ice beast (D:5)
  3 phantoms
  A gnoll sergeant (D:6)
  4 scorpions
  A howler monkey (D:6)
  A bombardier beetle (D:4)
  A jelly (D:4)
  A hound (D:5)
  An orc priest (D:4)
  3 iguanas
  An orc wizard (D:4)
  Terence (D:3)
  4 adders
  9 gnolls (D:6)
  A ribbon worm (D:3)
  11 orcs
  5 ball pythons
  4 endoplasms
  4 giant cockroaches
  11 hobgoblins
  13 jackals
  4 quokkas
  9 bats
  2 frilled lizards
  12 goblins
  8 kobolds
  11 rats
129 creatures vanquished.

Notes
Turn   | Place    | Note
-------+----------+-------------------------------------------
     0 | D:1      | Killerpretzel the Octopode Shapeshifter began the quest for
                  | the Orb.
     0 | D:1      | Reached XP level 1. HP: 13/13 MP: 1/1
    65 | D:1      | Reached XP level 2. HP: 5/18 MP: 2/2
   233 | D:1      | Found Ciamar's Distillery.
   248 | D:1      | Reached XP level 3. HP: 14/23 MP: 3/3
   783 | D:2      | Reached XP level 4. HP: 29/29 MP: 4/4
  1366 | D:2      | Noticed Jessica
  1459 | D:1      | Identified a scroll of acquirement
  1459 | D:1      | Acquired 855 gold pieces
  1630 | D:3      | Noticed Terence
  1641 | D:3      | Killed Terence
  1661 | D:3      | Reached XP level 5. HP: 31/34 MP: 5/5
  1662 | D:3      | Reached skill level 4 in Shapeshifting
  1957 | D:3      | Found a hide-covered altar of Uskayaw.
  2040 | D:3      | Found a white marble altar of Elyvilon.
  2553 | D:4      | Found a shadowy altar of Dithmenos.
  2595 | D:4      | Found a snail-covered altar of Cheibriados.
  2758 | D:4      | Noticed a phantom
  3097 | D:4      | Reached XP level 6. HP: 23/41 MP: 6/6
  3236 | D:4      | Found a staircase to the Ecumenical Temple.
  3311 | Temple   | Entered the Ecumenical Temple
  3363 | D:4      | Found a faded altar of an unknown god.
  3363 | D:4      | Found a hazy altar of Hepliaklqana.
  3365 | D:4      | Found a faded altar of an unknown god.
  3559 | D:5      | Entered Level 5 of the Dungeon
  3698 | D:5      | Reached skill level 5 in Shapeshifting
  3724 | D:5      | Reached XP level 7. HP: 8/46 MP: 7/7
  4194 | D:5      | Found a blossoming altar of Fedhas.
  5101 | D:6      | Reached XP level 8. HP: 18/54 MP: 8/8
  5256 | D:6      | Reached skill level 5 in Unarmed Combat
  5400 | D:6      | Found a stormy altar of Qazlal.
  5405 | D:6      | Found a shimmering altar of Xom.
  5710 | D:6      | Reached skill level 6 in Shapeshifting
  6529 | D:6      | Succumbed to a gnoll sergeant's poison

Illustrated notes

Levels and vault maps discovered:
D:1:      spicycebolla_arrival_risky_transporter, layout_rooms, serial_shops,
          nicolae_shop_waterfront
D:2:      layout_basic, uniq_jessica
D:3:      layout_rooms, lemuel_doored_altar, eat_drink_and_be_merry_uskayaw,
          hangedman_decor_peaks_small, serial_bayou_pond_b, minmay_hedge_maze,
          dreamdust_princess_bridge, kennysheep_nondescript, minivault_27,
          roderic_serpentine_path, uniq_terence
D:4:      layout_basic, cheibriados_altar_1,
          nicolae_hepliaklqana_ecumenical_no_more,
          mainiacjoe_overflow_boulevard, minmay_temple_entry_purple_smoke
D:5:      layout_gridville, kennysheep_little_box
D:6:      layout_loops_corners, nicolae_qazlal_scattered_showers,
          xom_butterflies, serial_rivers, chequers_serial_rivers_large_a,
          chequers_serial_rivers_small_b, chequers_serial_rivers_room_b,
          chequers_serial_rivers_small_b, chequers_serial_rivers_large_b,
          chequers_serial_rivers_small_3, minmay_misc_feat_five, minivault_5
Temple:   nicolae_temple_ecumenical_triangle

Skill      XL: |  1  2  3  4  5  6  7  8 |
---------------+-------------------------+-----
Fighting       | 2 3 4 |  4.4
Shapeshifting  | 4 5 6 |  6.6
Dodging        | 3 4 |  4.9
Unarmed Combat | 4 5 |  5.4

Action                     |  1- 3 |  4- 6 |  7- 9 || total
---------------------------+-------+-------+-------++-------
  Melee: Unarmed           |    76 |   136 |   113 ||   325
         Constrict         |    25 |    23 |    23 ||    71
         Tentacles         |    13 |    24 |    23 ||    60
         Punch             |     2 |     5 |     4 ||    11
  Throw: Boomerang         |       |       |     6 ||     6
    Use: Scroll            |       |    12 |     6 ||    18
         Potion            |       |       |     1 ||     1
   Stab: Sleeping          |     6 |    11 |     2 ||    19
         Distracted        |       |       |     1 ||     1
 Armour: Skin              |    47 |    58 |    57 ||   162
  Dodge: Dodged            |    61 |    68 |    59 ||   188
